 Dungeon Crawl Stone Soup version 0.28-a0-233-gb8ca4b6547 (webtiles) character file.

Game seed: 7056515967392991563

267557 dolemite99 the Hand of Fortune (level 20, -5/130 HPs)
             Began as a Gargoyle Earth Elementalist on Aug 23, 2021.
             Was the Champion of Nemelex Xobeh.
             Killed by Lee's Rapid Deconstruction
             ... invoked by a deep troll earth mage
              (22 damage)
             ... on level 3 of the Vaults.
             The game lasted 02:33:56 (68528 turns).

dolemite99 the Hand of Fortune (GrEE)              Turns: 68528, Time: 02:33:57

Health: -5/130     AC: 32    Str:  9 (11) XL:     20   Next: 13%
Magic:  6/32       EV: 11    Int: 32 (33) God:    Nemelex Xobeh [******]
Gold:   2231       SH: 13    Dex: 14      Spells: 4/36 levels left

rFire   . . .      SeeInvis .   b - +8 hand crossbow "Lefeox" {penet, rElec Dex+4}
rCold   + . .      Faith    .   S - +3 buckler {AC+3}
rNeg    + . .      Spirit   .   C - +0 scale mail "Ginush" {rC+ Will+}
rPois   ∞          Reflect  +   e - +2 hat {Will+}
rElec   +          Harm     .   o - +2 cloak
rCorr   .          Rampage  .   v - +2 pair of gloves
Will    +++..                   (no boots)
Stlth   +.........              N - amulet of reflection
HPRegen 0.31/turn               h - ring "Oklareos" {Wiz Int+7, =R}
MPRegen 0.23/turn               y - +4 ring of slaying

@: flying, very slightly contaminated, unable to read
A: sickness immunity, AC +15, big wings, negative energy resistance 1,
electricity resistance, torment resistance 1, petrification resistance,
deterioration 1, subdued magic 1, inability to read while threatened
}: 2/15 runes: barnacled, gossamer
a: Renounce Religion, Draw Escape, Draw Destruction, Draw Summoning, Triple
Draw, Deal Four, Stack Five


You were on level 3 of the Vaults.
You worshipped Nemelex Xobeh.
Nemelex Xobeh was exalted by your worship.
You visited 7 branches of the dungeon, and saw 35 of its levels.
You also visited: Sewer and Ice Cave.

You collected 3732 gold pieces.
You spent 1501 gold pieces at shops.

Inventory:

Hand Weapons
 a - a +7 scimitar of freezing
 b - the +8 hand crossbow "Lefeox" (weapon) {penet, rElec Dex+4}
   (You found it on level 2 of the Vaults)

   Any ammunition fired by it passes through the targets it hits, potentially
   hitting all targets in its path until it reaches maximum range.
   Dex:       It affects your dexterity (+4).
   rElec:     It insulates you from electricity.
 g - a +2 eveningstar of protection
Missiles
 q - 72 javelins
 A - 112 boomerangs
 I - 12 stones
 L - 11 throwing nets
 R - 418 bolts (quivered ammo)
Armour
 e - a +2 hat of willpower (worn)
 o - a +2 cloak (worn)
 v - a +2 pair of gloves (worn)
 C - the +0 scale mail "Ginush" (worn) {rC+ Will+}
   (You found it on level 2 of the Vaults)

   rC:        It protects you from cold.
   Will:      It increases your willpower.
 S - a +3 buckler of protection (worn)
Magical Staves
 c - a staff of cold
 D - a staff of earth
Jewellery
 d - a +6 ring of intelligence
 h - the ring "Oklareos" (left hand) {Wiz Int+7, =R}
   (You took it off an ironbound thunderhulk on level 1 of the Vaults)

   [ring of wizardry]

   It improves your spell success rate.
   Int:       It affects your intelligence (+7).
 j - an amulet of magic regeneration
 m - a ring of resist corrosion
 r - a +4 ring of protection
 y - a +4 ring of slaying (right hand)
 z - a +4 ring of protection
 N - an amulet of reflection (around neck)
 Q - a ring of protection from fire
 T - a ring of ice
 Y - a ring of protection from fire
Wands
 n - a wand of flame (52)
 E - a wand of polymorph (34)
 M - a wand of digging (6)
 V - a wand of paralysis (19)
 W - a wand of charming (15)
Scrolls
 i - 11 scrolls of identify {@r1}
 k - 12 scrolls of teleportation
 s - 3 scrolls of magic mapping
 t - 3 scrolls of silence
 x - 2 scrolls of amnesia
 B - a scroll of holy word
 O - 2 scrolls of blinking
Potions
 f - 3 potions of curing
 l - 4 potions of brilliance
 p - 7 potions of attraction
 w - 9 potions of ambrosia
 F - a potion of resistance
 G - 2 potions of might
 H - 9 potions of flight
 J - 2 potions of cancellation
 X - 7 potions of lignification
 Z - a potion of mutation
Miscellaneous
 u - a box of beasts
 K - a condenser vane (inert)
 P - a lightning rod (4/4)
 U - a phantom mirror (inert)


   Skills:
 - Level 15.4 Fighting
 - Level 9.0 Long Blades
 + Level 2.3 Crossbows
 - Level 9.8 Dodging
 - Level 2.1 Stealth
 - Level 4.0 Shields
 - Level 8.7 Spellcasting
 - Level 9.0 Conjurations
 - Level 12.1 Necromancy
 - Level 1.0 Transmutations
 - Level 14.7 Earth Magic
 - Level 8.1 Poison Magic
 - Level 17.2 Invocations
 - Level 5.9 Evocations


You had 4 spell levels left.
You knew the following spells:

 Your Spells              Type           Power      Damage    Failure   Level
a - Olgreb's Toxic Radia  Pois           50%        N/A       3%          4
b - Borgnjor's Vile Clut  Necr/Erth      33%        N/A       1%          5
c - Iron Shot             Conj/Erth      31%        9d6       12%         6
d - Death Channel         Necr           31%        N/A       12%         6
e - Blink                 Tloc           N/A        N/A       16%         2
g - Passwall              Tmut/Erth      40%        N/A       1%          2
h - Stone Arrow           Conj/Erth      100%       3d13      1%          3
s - Animate Dead          Necr           31%        N/A       1%          4

Your spell library contained the following spells:

 Spells                   Type           Power      Damage    Failure   Level
 Animate Skeleton         Necr           100%       N/A       1%          1
 Magic Dart               Conj           100%       1d8       1%          1
 Pain                     Necr           100%       1d9       1%          1
 Sandblast                Erth           100%       2d20      1%          1
 Shock                    Conj/Air       100%       1d9       1%          1
 Sting                    Tmut/Pois      100%       1d8       1%          1
 Vampiric Draining        Necr           31%        2d10      1%          3
 Poisonous Vapours        Pois/Air       60%        N/A       2%          2
 Mephitic Cloud           Conj/Pois/Air  38%        N/A       2%          3
 Dazzling Flash           Conj/Hex       66%        N/A       4%          3
 Spider Form              Tmut/Pois      16%        N/A       4%          3
 Petrify                  Tmut/Erth      49%        N/A       4%          4
 Ignite Poison            Fire/Tmut/Pois 25%        N/A       9%          3
 Apportation              Tloc           20%        N/A       11%         1
 Corona                   Hex            11%        N/A       11%         1
 Call Imp                 Summ           10%        N/A       16%         2
 Ensorcelled Hibernation  Hex/Ice        20%        N/A       16%         2
 Slow                     Hex            10%        N/A       16%         2
 Confusing Touch          Hex            10%        N/A       30%         3
 Gell's Gravitas          Tloc           5%         N/A       30%         3
 Lesser Beckoning         Tloc           5%         N/A       30%         3
 Swiftness                Air            10%        N/A       30%         3
 Teleport Other           Tloc           10%        N/A       30%         3
 Tukima's Dance           Hex            10%        N/A       30%         3
 Airstrike                Air            5%         N/A       69%         4
 Passage of Golubria      Tloc           N/A        N/A       69%         4
 Agony                    Necr           63%        N/A       1%          5
 Iskenderun's Battlesphe  Conj           53%        2d10      7%          5
 Bolt of Magma            Conj/Fire/Erth 24%        4d12      12%         5
 Alistair's Intoxication  Tmut/Pois      22%        N/A       38%         5
 Eringya's Noxious Bog    Tmut/Pois      16%        N/A       92%         6
 Manifold Assault         Tloc           10%        N/A       95%         5
 Silence                  Hex/Air        5%         N/A       95%         5
 Lehudib's Crystal Spear  Conj/Erth      31%        10d8      99%         8
 Invisibility             Hex            5%         N/A       100%        6
 Shadow Creatures         Summ           N/A        N/A       100%        6
 Spellforged Servitor     Conj/Summ      16%        N/A       100%        7
 Storm Form               Tmut/Air       6%         N/A       100%        7
 Discord                  Hex            5%         N/A       100%        8


Dungeon Overview and Level Annotations

Branches:
Dungeon (15/15)            Temple (1/1) D:5            Lair (6/6) D:9
 Shoals (4/4) Lair:2       Spider (4/4) Lair:3        Slime (0/5) Lair:5
    Orc (2/2) D:12            Elf (0/3) Orc:2        Vaults (3/5) D:14
  Crypt (0/3) Vaults:2     Depths (0/5) D:15          Sewer (visited)
  IceCv (visited)

Altars:
Ashenzari
Cheibriados
Dithmenos
Elyvilon
Fedhas
Gozag
Hepliaklqana
Kikubaaqudgha
Makhleb
Nemelex Xobeh
Okawaru
Qazlal
Ru
Sif Muna
Trog
Uskayaw
Vehumet
Wu Jian
Xom
Yredelemnul
Zin
The Shining One

Shops:
D:5 *   D:10 [   D:12 (   Orc:1 *   Orc:2 *[:(*   Vaults:1 *   Vaults:2 (

Portals:
Trove: D:12 (give +3 storm dragon scales)

Annotations:
D:4 3 runed translucent doors, Dittersdorf's ghost, novice GrFi; Perrydaboss's ghost, amateur GnWn; Thraspic's ghost, amateur SpBr; morganobrien0's ghost, weakling SpBr
Lair:1 2 transporters
Lair:2 exclusion: oklob plant
Shoals:3 exclusion: downstairs
Shoals:4 Roxanne


Innate Abilities, Weirdness & Mutations

You are immune to sickness and miasma.
Your stone body is resilient. (AC +15)
You are immune to poison.
Your large and strong wings let you fly.
You resist negative energy. (rN+)
You are resistant to electric shocks. (rElec)
You are resistant to unholy torment.
You are immune to petrification.
Your body sometimes deteriorates upon taking damage.
Your spells are a little easier to cast, but a little less powerful.
You sometimes lose the ability to read scrolls when taking damage.


Message History

You feel better.
Your rakshasa hits the deep troll earth mage from afar with a +2 trident of flaming.
Your rakshasa burns the deep troll earth mage.
Your soul eater hits the iron troll but does no damage.
An iron troll comes into view.
You feel better.
Your soul eater hits the iron troll!
Your soul eater drains the iron troll.
Your rakshasa hits the deep troll earth mage from afar with a +2 trident of flaming!
Your rakshasa burns the deep troll earth mage.
Your soul eater hits the iron troll but does no damage.
The iron troll bites your rakshasa! The iron troll claws your rakshasa!
The injured rakshasa weaves a defensive illusion!
The iron troll closely misses your rakshasa.
What are your orders? t - Shout!
Orders for allies: a - Attack new target. r - Retreat! s - Stop attacking. g - Guard the area. f - Follow me.
Anything else - Cancel.
Guard this area!
Your rakshasa hits the iron troll but does no damage.
Your rakshasa hits the iron troll from afar with a +2 trident of flaming!
Your rakshasa burns the iron troll.
Your soul eater hits the iron troll but does no damage.
Your vault warden zombie hits the iron troll but does no damage.
Your rakshasa hits the iron troll from afar with a +2 trident of flaming!!
Your rakshasa burns the iron troll.
Your rakshasa gestures at the iron troll.
The lance of force hits the iron troll.
The iron troll is knocked back by the lance of force.
The deep troll earth mage points at you and mumbles some strange words.
You shatter!
* * * LOW HITPOINT WARNING * * *
Your body deteriorates!
You feel dopey.
You hear a horrible gurgling sound!
You hear a shout! x2
You feel better.
The deep troll earth mage casts a spell at you.
You shatter!!
You die...
Your body glows with a rainbow of weird colours and disappears.

########
#......#
#..[..(#
#.<....#
#.).@..#
#...)?.#
#).....#
#.RZ...#
#.ZRR.(#
##3#####
.T T..


You could see an iron troll (drained, ally target), a deep troll earth mage
(ally target), 3 friendly rakshasas, a friendly soul eater (summoned), a
friendly deep troll earth mage zombie and a friendly vault warden zombie.

Vanquished Creatures
  2 sphinxes
  Kirke (D:15)
  Agnes (D:15)
  A deep elf sorcerer (Vaults:2)
  A fire giant (Shoals:3)
  Ilsuiw (Shoals:4)
  4 vault wardens
  4 emperor scorpions
  Louise (Shoals:4)
  Aizul (Spider:1)
  3 ghost moths
  4 ironbound preservers
  A black draconian (Lair:6)
  2 entropy weavers
  Azrael (D:15)
  4 spark wasps
  Snorg (Orc:2)
  6 merfolk javelineers
  An ettin (Vaults:2)
  7 merfolk impalers
  Josephine (D:10)
  4 yaktaur captains
  A shambling mangrove (Lair:5)
  4 vault guards (D:14)
  9 hydras
  2 ogre magi
  3 ironbound thunderhulks
  5 boulder beetles
  An ice dragon (Shoals:4)
  3 catoblepae (Lair:6)
  2 merfolk avatars
  A merfolk aquamancer (Shoals:4)
  2 ironbound frosthearts
  2 anacondas (D:14)
  A satyr (Shoals:4)
  8 two-headed ogres
  4 centaur warriors
  A tengu warrior (D:14)
  15 death yaks
  A deep troll earth mage (Vaults:3)
  A vampire mage (D:15)
  2 ironbound beastmasters (Vaults:1)
  Nergalle (D:12)
  2 orc high priests (Orc:2)
  11 sea snakes
  3 skeletal warriors
  A storm dragon skeleton (D:15)
  10 deep trolls
  A death drake (Orc:2)
  2 glowing orange brains
  3 wizards
  6 lindwurms
  3 ironbound convokers (Vaults:1)
  Pikel (D:8)
  2 necromancers
  14 harpies
  6 orc knights
  2 shining eyes (Shoals:3)
  2 fire giant zombies (D:15)
  4 ugly things
  A deep elf pyromancer (D:14)
  An oklob plant (Lair:5)
  14 wolf spiders
  3 fauns (Shoals:2)
  10 cyclopes
  10 manticores
  11 orb spiders
  8 elephants
  2 orc sorcerers (Orc:2)
  10 merfolk sirens
  3 moths of wrath
  3 black mambas
  An elf zombie (D:15)
  3 vault sentinels (Vaults:1)
  Maurice (D:10)
  6 water nymphs
  Joseph (D:7)
  A gargoyle (D:11)
  2 ice statues (IceCv)
  4 torpor snails
  Psyche (D:10)
  A kobold demonologist (D:11)
  13 cane toads
  9 komodo dragons
  9 demonic crawlers
  A freezing wraith (D:15)
  3 unseen horrors
  3 rime drakes
  10 yaktaurs
  A wandering mushroom (Lair:2)
  2 queen bees
  14 jumping spiders
  4 polar bears
  A queen bee (shapeshifter) (D:14)
  2 meliai (Spider:2)
  9 hornets
  4 trolls
  24 merfolk
  14 slime creatures
  25 blink frogs
  A wind drake (shapeshifter) (D:11)
  10 dream sheep
  5 wind drakes
  5 snapping turtles
  58 redbacks
  A centaur simulacrum (D:15)
  A vampire (D:11)
  24 tarantellas
  A water elemental (Shoals:2)
  4 hogs (D:15)
  5 wraiths
  Eustachio (D:5)
  5 shadows
  Grum (D:11)
  44 yaks
  4 fire elementals (D:15)
  A hog (shapeshifter) (D:14)
  5 humans (D:14)
  18 vampire mosquitoes
  8 basilisks
  An acid dragon (D:11)
  16 water moccasins
  A swamp drake (Lair:4)
  Purgy (Sewer)
  A black bear (D:7)
  12 orc warriors
  8 wolves
  7 ogres
  5 centaurs
  2 lemures (D:8)
  A phantom (D:5)
  Blork the orc (D:6)
  A scorpion (D:4)
  9 bullfrogs
  A gnoll sergeant (D:11)
  25 killer bees
  6 wights (D:8)
  4 electric eels (Spider:2)
  5 howler monkeys
  Crazy Yiuf (D:5)
  3 jellies
  11 orc priests
  4 bullfrog skeletons
  6 centaur zombies
  3 hounds
  10 iguanas
  Terence (D:3)
  14 orc wizards
  A yak simulacrum (Lair:6)
  4 polar bear simulacra (Lair:6)
  3 killer bee zombies
  2 wolf simulacra (Lair:6)
  A hound skeleton (D:3)
  A howler monkey zombie (D:11)
  Robin (D:3)
  7 gnolls
  5 adders
  2 white imps
  3 ufetubi (D:5)
  2 adder skeletons (D:4)
  A worm (D:4)
  3 dart slugs
  30 orcs
  13 ball pythons
  4 bats
  3 endoplasms
  7 giant cockroaches
  21 goblins
  7 hobgoblins
  4 jackals (D:4)
  3 quokkas
  6 frilled lizards
  9 kobolds
  10 rats
  4 river rat simulacra (Lair:6)
958 creatures vanquished.

Vanquished Creatures (collateral kills)
  Arachne (Spider:4)
  A rockslime (Spider:1)
  A tengu reaver (Vaults:1)
  2 vault wardens (Vaults:1)
  3 ghost moths (Spider:4)
  4 emperor scorpions
  3 ironbound preservers
  Nessos (D:14)
  A dire elephant (Vaults:1)
  2 entropy weavers
  A spark wasp (Spider:4)
  2 merfolk javelineers (Shoals:4)
  2 merfolk impalers (Shoals:4)
  An ettin (Orc:2)
  A great orb of eyes (Shoals:4)
  A yaktaur captain (Vaults:2)
  Harold (D:8)
  A catoblepas (Shoals:3)
  2 ironbound thunderhulks (Vaults:1)
  2 ironbound frosthearts (Vaults:1)
  2 two-headed ogres
  A satyr (Shoals:4)
  8 death yaks
  A merfolk avatar (Shoals:4)
  A deep troll shaman (Vaults:3)
  A deep troll earth mage (Vaults:3)
  2 orc high priests (Orc:2)
  2 ironbound beastmasters
  A glowing orange brain (D:14)
  A death drake (D:14)
  2 ironbound convokers
  4 deep trolls (Vaults:1)
  A sea snake (Shoals:3)
  8 harpies
  3 lindwurms
  A wizard (Vaults:2)
  6 orb spiders
  An orc knight (Orc:2)
  9 wolf spiders
  6 ugly things
  A moth of wrath (Spider:4)
  A shining eye (Shoals:4)
  2 orc sorcerers (Orc:2)
  3 manticores
  3 merfolk sirens
  A cyclops (Shoals:2)
  4 elephants (Lair:6)
  A guardian serpent (Lair:3)
  A torpor snail (Spider:4)
  A vault sentinel (Vaults:1)
  A water nymph (Shoals:4)
  A cane toad (Lair:2)
  A komodo dragon (Lair:2)
  4 yaktaurs
  2 demonic crawlers (Spider:4)
  12 merfolk
  A wind drake (Shoals:4)
  A slime creature (D:14)
  10 jumping spiders
  A meliai (Spider:2)
  2 hornets (Spider:4)
  2 blink frogs (Lair:4)
  A snapping turtle (Shoals:4)
  18 redbacks
  2 water elementals
  A spriggan (Lair:3)
  19 yaks
  A wraith (D:10)
  4 tarantellas
  A steam dragon (D:7)
  2 wargs (Orc:2)
  2 water moccasins
  13 orc warriors
  A centaur (D:15)
  2 ogres
  A kobold brigand (D:7)
  2 bullfrogs (D:7)
  A scorpion (D:7)
  5 killer bees
  6 wights (D:8)
  An orc priest (Orc:1)
  A centaur skeleton (D:7)
  An orc wizard (Orc:2)
  4 hell rats (Lair:3)
  4 polar bear simulacra (IceCv)
  3 orcs (Orc:2)
246 creatures vanquished.

Vanquished Creatures (others)
  2 vault guards (D:14)
  A lindwurm (Vaults:1)
  A manticore (Shoals:3)
  2 merfolk (Shoals:4)
  A redback (Spider:3)
  2 humans
  A centaur (D:15)
  2 orcs
  58 fungi
  204 plants
  4 tentacles (Shoals:2)
  8 withered plants (D:15)
286 creatures vanquished.

Grand Total: 1490 creatures vanquished

Notes
Turn   | Place    | Note
-------+----------+-------------------------------------------
     0 | D:1      | dolemite99 the Gargoyle Earth Elementalist began the quest
                  | for the Orb.
     0 | D:1      | Reached XP level 1. HP: 10/10 MP: 3/3
   262 | D:1      | Reached XP level 2. HP: 16/16 MP: 3/5
   361 | D:1      | Reached skill level 1 in Fighting
   574 | D:1      | Found a faded altar of an unknown god.
   585 | D:1      | Became a worshipper of Nemelex Xobeh the Trickster
   585 | D:1      | Reached * piety under Nemelex Xobeh
   585 | D:1      | Received a gift from Nemelex Xobeh
   847 | D:1      | Reached XP level 3. HP: 17/20 MP: 4/6
  1181 | D:2      | Received a gift from Nemelex Xobeh
  1463 | D:2      | Reached skill level 5 in Earth Magic
  1632 | D:2      | Reached ** piety under Nemelex Xobeh
  1792 | D:2      | Reached XP level 4. HP: 26/26 MP: 5/7
  2381 | D:3      | Noticed Terence
  2414 | D:3      | Killed Terence
  2415 | D:3      | Reached XP level 5. HP: 15/31 MP: 4/8
  2732 | D:3      | Received a gift from Nemelex Xobeh
  2810 | D:3      | Found an ornate altar of the Wu Jian Council.
  2978 | D:3      | Noticed Robin
  3004 | D:3      | Reached skill level 1 in Invocations
  3013 | D:3      | Killed Robin
  3388 | D:3      | Learned a level 2 spell: Passwall
  3392 | D:3      | Learned a level 3 spell: Stone Arrow
  4068 | D:4      | Reached skill level 2 in Invocations
  4068 | D:4      | Reached XP level 6. HP: 21/37 MP: 6/9
  4478 | D:4      | Found a runed translucent gate.
  4478 | D:4      | Found a runed translucent gate.
  4478 | D:4      | Found a runed translucent gate.
  4482 | D:4      | Noticed Perrydaboss's ghost (amateur GnWn)
  4484 | D:4      | Noticed Thraspic's ghost (amateur SpBr)
  4625 | D:4      | Noticed morganobrien0's ghost (weakling SpBr)
  4625 | D:4      | Noticed Dittersdorf's ghost (novice GrFi)
  4742 | D:5      | Entered Level 5 of the Dungeon
  4742 | D:5      | Found Kufeuletame's General Store.
  4756 | D:5      | Bought a scroll of identify for 22 gold pieces
  4756 | D:5      | Bought a wand of iceblast (7) for 121 gold pieces
  4756 | D:5      | Bought a potion of curing for 33 gold pieces
  4758 | D:5      | Bought 26 stones for 28 gold pieces
  4758 | D:5      | Bought 18 stones for 19 gold pieces
  4776 | D:5      | Reached *** piety under Nemelex Xobeh
  4776 | D:5      | Received a gift from Nemelex Xobeh
  4899 | D:5      | Reached skill level 3 in Invocations
  4905 | D:5      | Reached XP level 7. HP: 41/43 MP: 4/10
  4966 | D:5      | Noticed Eustachio
  4973 | D:5      | Killed Eustachio
  5015 | D:5      | Reached skill level 4 in Invocations
  5319 | D:5      | Found a staircase to the Ecumenical Temple.
  5342 | Temple   | Entered the Ecumenical Temple
  5427 | D:5      | Reached skill level 5 in Fighting
  5523 | D:5      | Found a hazy altar of Hepliaklqana.
  5549 | D:5      | Found a white marble altar of Elyvilon.
  5553 | D:5      | Reached XP level 8. HP: 44/49 MP: 5/11
  5677 | D:5      | Reached skill level 5 in Invocations
  5845 | D:5      | Found a stormy altar of Qazlal.
  5864 | D:5      | Found a burning altar of Makhleb.
  5872 | D:5      | Received a gift from Nemelex Xobeh
  6103 | D:5      | Found a runed translucent door.
  6104 | D:5      | Noticed Crazy Yiuf
  6187 | D:5      | Killed Crazy Yiuf
  6367 | D:6      | Found a glowing drain.
  6382 | Sewer    | Entered a sewer
  6445 | Sewer    | Noticed Purgy
  6448 | Sewer    | Killed Purgy
  6618 | D:6      | Identified a scroll of acquirement
  6618 | D:6      | Acquired a +0 hat of willpower
  7119 | D:6      | Received a gift from Nemelex Xobeh
  7152 | D:6      | Noticed Blork the orc
  7158 | D:6      | Killed Blork the orc
  7255 | D:6      | Reached skill level 6 in Invocations
  7329 | D:6      | Reached skill level 1 in Conjurations
  7333 | D:6      | Identified the +5 dagger of the Modern Dreams {drain,
                  | Dex+3}
  7489 | D:6      | Reached XP level 9. HP: 56/56 MP: 10/13
  7954 | D:7      | Reached **** piety under Nemelex Xobeh
  7955 | D:7      | Received a gift from Nemelex Xobeh
  8185 | D:7      | Noticed Joseph
  8194 | D:7      | Killed Joseph
  8195 | D:7      | Reached skill level 7 in Invocations
  8865 | D:7      | Received a gift from Nemelex Xobeh
  9328 | D:7      | Identified the -2 quarterstaff "Grim Tooth" {vorpal, Str+3}
  9452 | D:7      | Killed an unseen horror
  9748 | D:7      | Reached ***** piety under Nemelex Xobeh
  9843 | D:7      | Received a gift from Nemelex Xobeh
  9855 | D:7      | Noticed a two-headed ogre
  9860 | D:7      | Killed a two-headed ogre
  9861 | D:7      | Reached skill level 5 in Conjurations
  9861 | D:7      | Reached skill level 8 in Invocations
  9861 | D:7      | Reached XP level 10. HP: 65/65 MP: 14/16
 10049 | D:7      | Learned a level 1 spell: Sandblast
 10631 | D:8      | Identified the +5 demon trident "Naus" {pain, rN++}
 10701 | D:8      | Noticed Harold
 10717 | D:8      | Killed Harold
 10899 | D:8      | Noticed Pikel
 10909 | D:8      | Killed Pikel
 10910 | D:8      | Reached skill level 9 in Invocations
 11471 | D:8      | Acquired a +2 buckler of protection
 11599 | D:9      | Reached skill level 1 in Shields
 11833 | D:9      | Received a gift from Nemelex Xobeh
 12025 | D:9      | Reached XP level 11. HP: 28/71 MP: 9/18
 12332 | D:9      | Found a staircase to the Lair.
 12374 | D:9      | Found a glowing silver altar of Zin.
 12673 | D:5      | Bought a scroll of identify for 22 gold pieces
 12749 | Lair:1   | Entered Level 1 of the Lair of Beasts
 12758 | Lair:1   | Reached skill level 1 in Long Blades
 13083 | Lair:1   | Found a transporter.
 13123 | Lair:1   | Noticed a boulder beetle
 13412 | Lair:1   | Received a gift from Nemelex Xobeh
 13439 | Lair:1   | Reached skill level 5 in Long Blades
 13503 | Lair:1   | Found a transporter.
 13568 | Lair:1   | Identified the amulet of Lyvvaaco {Reflect *Slow Int+5
                  | SH+5}
 13630 | Lair:1   | Killed a boulder beetle
 14305 | Lair:2   | Reached skill level 10 in Invocations
 14721 | Lair:2   | Reached XP level 12. HP: 45/76 MP: 10/19
 14948 | Lair:2   | Found a staircase to the Shoals.
 14967 | Lair:2   | Noticed a four-headed hydra
 14974 | Lair:2   | Killed a four-headed hydra
 15047 | Lair:2   | Received a gift from Nemelex Xobeh
 15126 | Lair:2   | Reached skill level 10 in Earth Magic
 15312 | Lair:2   | Found a hazy altar of Hepliaklqana.
 15371 | Lair:2   | Reached skill level 11 in Invocations
 16185 | Lair:2   | Received a gift from Nemelex Xobeh
 16377 | Lair:3   | Found a white marble altar of Elyvilon.
 16377 | Lair:3   | Noticed a four-headed hydra
 16383 | Lair:3   | Killed a four-headed hydra
 16428 | Lair:3   | Reached skill level 5 in Dodging
 16526 | Lair:3   | Noticed an eight-headed hydra
 16532 | Lair:3   | Killed an eight-headed hydra
 16732 | Lair:3   | Found a hole to the Spider Nest.
 16732 | Lair:3   | Received a gift from Nemelex Xobeh
 17132 | Lair:3   | Reached skill level 12 in Invocations
 17132 | Lair:3   | Reached XP level 13. HP: 43/80 MP: 4/22
 18114 | Lair:4   | Received a gift from Nemelex Xobeh
 18448 | Lair:5   | Reached skill level 10 in Fighting
 19152 | Lair:5   | Learned a level 1 spell: Animate Skeleton
 19157 | Lair:5   | Reached skill level 13 in Invocations
 19784 | Lair:5   | Received a gift from Nemelex Xobeh
 19855 | Lair:5   | Reached skill level 1 in Necromancy
 20004 | Lair:5   | Reached ****** piety under Nemelex Xobeh
 20083 | Lair:5   | Received a gift from Nemelex Xobeh
 20246 | Lair:5   | Found a staircase to the Slime Pits.
 20272 | Lair:5   | Noticed a shambling mangrove
 20272 | Lair:5   | an oklob plant changed into a shambling mangrove
 20283 | Lair:5   | Killed a shambling mangrove
 20919 | Lair:6   | Entered Level 6 of the Lair of Beasts
 21007 | Lair:6   | Gained mutation: Your large and strong wings let you fly.
                  | [Gargoyle growth]
 21007 | Lair:6   | Reached XP level 14. HP: 90/90 MP: 20/24
 21066 | Lair:6   | Reached skill level 1 in Evocations
 21700 | Lair:6   | Noticed a black draconian
 21700 | Lair:6   | a death yak changed into a black draconian
 21708 | Lair:6   | Killed a black draconian
 21896 | Lair:6   | Identified the amulet "Echosmul" {RegenMP Will+ rCorr Dex+4
                  | Slay-3}
 22423 | Lair:6   | Reached skill level 5 in Evocations
 24271 | Lair:6   | Reached skill level 5 in Spellcasting
 24644 | D:10     | Entered Level 10 of the Dungeon
 24644 | D:10     | Found Lunesecw's Armour Shoppe.
 24644 | D:10     | Received a gift from Nemelex Xobeh
 24741 | D:10     | Noticed Psyche
 24744 | D:10     | Killed Psyche
 25349 | D:10     | Found an ancient bone altar of Kikubaaqudgha.
 25350 | D:10     | Noticed Maurice
 25392 | D:10     | Received a gift from Nemelex Xobeh
 25538 | D:10     | Noticed Josephine
 25548 | D:10     | Killed Josephine
 25549 | D:10     | Reached XP level 15. HP: 76/95 MP: 20/25
 25775 | D:10     | Reached skill level 14 in Invocations
 25832 | D:10     | Learned a level 3 spell: Mephitic Cloud
 25835 | D:10     | Learned a level 2 spell: Blink
 25840 | D:10     | Learned a level 4 spell: Petrify
 25917 | D:10     | Killed Maurice
 25918 | D:10     | Reached skill level 1 in Transmutations
 26004 | D:10     | Found a glowing golden altar of the Shining One.
 26103 | D:11     | Learned a level 5 spell: Borgnjor's Vile Clutch
 26136 | D:11     | Received a gift from Nemelex Xobeh
 26695 | D:11     | Got Taubuo Tyakh's Grimoire of Execration
 26822 | D:11     | Received a gift from Nemelex Xobeh
 27311 | D:11     | Received a gift from Nemelex Xobeh
 27904 | D:11     | Noticed Grum
 27914 | D:11     | Killed Grum
 28103 | D:11     | Found a shimmering altar of Xom.
 28104 | D:11     | Found a hide-covered altar of Uskayaw.
 28105 | D:11     | Found an opulent altar of Gozag.
 28105 | D:11     | Found an iron altar of Okawaru.
 28782 | D:12     | Found a staircase to the Orcish Mines.
 29140 | D:12     | Received a gift from Nemelex Xobeh
 29590 | D:12     | Received a gift from Nemelex Xobeh
 29619 | D:12     | Noticed Nergalle
 29629 | D:12     | Killed Nergalle
 29712 | D:12     | Reached skill level 15 in Invocations
 29769 | D:12     | Found Ipnasm's Weapon Boutique.
 29985 | D:12     | Found a portal to a secret trove of treasure.
 30192 | Orc:1    | Entered Level 1 of the Orcish Mines
 30698 | Orc:2    | Entered Level 2 of the Orcish Mines
 30698 | Orc:2    | Received a gift from Nemelex Xobeh
 30777 | Orc:2    | Found Duhiem's General Store.
 30782 | Orc:2    | Found a frozen archway.
 30782 | Orc:2    | Found a staircase to the Elven Halls.
 30929 | IceCv    | Entered an ice cave
 30947 | IceCv    | Found a transporter.
 30966 | IceCv    | Found a transporter.
 31212 | Orc:2    | Found a burning altar of Makhleb.
 31388 | Orc:2    | Noticed Snorg
 31405 | Orc:2    | Killed Snorg
 33044 | Orc:2    | Found Osurol's Weapon Shoppe.
 33793 | Orc:1    | Found Lut Amots's CLEARANCE SALE! EVERYTHING MUST GO!.
 33936 | Orc:1    | Received a gift from Nemelex Xobeh
 33978 | Orc:2    | Found Mecim's Book Shop.
 33997 | Orc:2    | Found Loewuzub's Antique Armour Shop.
 34010 | Orc:2    | Found Naotop's Assorted Antiques.
 34020 | Orc:2    | Bought a potion of heal wounds for 125 gold pieces
 34020 | Orc:2    | Bought a runed scale mail for 175 gold pieces
 34071 | Orc:1    | Bought a scroll of teleportation for 12 gold pieces
 34099 | Orc:2    | Bought a potion of magic for 200 gold pieces
 34113 | Orc:2    | Learned a level 3 spell: Vampiric Draining
 35095 | D:13     | Reached skill level 5 in Necromancy
 36045 | D:14     | Noticed Nessos
 36054 | D:14     | Killed Nessos
 36061 | D:14     | Reached XP level 16. HP: 96/104 MP: 12/27
 36882 | D:14     | Identified the +0 leather armour of the Lich-sworn {+Inv
                  | rN+ Dex+3}
 37205 | D:14     | Received a gift from Nemelex Xobeh
 37270 | D:14     | You are sucked into a shaft and drop 1 floor!
 37270 | D:15     | Entered Level 15 of the Dungeon
 37270 | D:15     | Found a staircase to the Depths.
 38373 | D:14     | Found a gate to the Vaults.
 38865 | D:15     | Noticed Agnes
 38884 | D:15     | Killed Agnes
 39619 | D:15     | Found a shimmering blue altar of Sif Muna.
 39630 | D:15     | Received a gift from Nemelex Xobeh
 39638 | D:15     | Found a shimmering altar of Xom.
 40159 | D:15     | Noticed Kirke
 40185 | D:15     | Noticed a sphinx
 40193 | D:15     | Killed Kirke
 40701 | D:15     | Noticed Azrael
 40707 | D:15     | Killed Azrael
 41263 | D:15     | Received a gift from Nemelex Xobeh
 41636 | Spider:1 | Entered Level 1 of the Spider Nest
 42529 | Spider:1 | Noticed Nikola
 42538 | Spider:1 | Noticed Nikola
 42538 | Spider:1 | Nikola changed into Nikola the rockslime
 42545 | Spider:1 | Killed Nikola the rockslime
 43034 | Spider:1 | Noticed Aizul
 43040 | Spider:1 | Killed Aizul
 43660 | Spider:1 | Learned a level 4 spell: Animate Dead
 44089 | Spider:2 | Reached skill level 16 in Invocations
 44418 | Spider:1 | Reached XP level 17. HP: 91/111 MP: 23/29
 44647 | Spider:2 | Received a gift from Nemelex Xobeh
 46855 | Spider:3 | Received a gift from Nemelex Xobeh
 47217 | Spider:3 | Received a gift from Nemelex Xobeh
 48253 | Shoals:1 | Entered Level 1 of the Shoals
 48511 | Shoals:1 | Received a gift from Nemelex Xobeh
 49399 | Shoals:1 | Identified the +10 great mace of Murchu {vorpal, rPois
                  | Will- Str+6 Int-2}
 49412 | Shoals:1 | Received a gift from Nemelex Xobeh
 49750 | Shoals:2 | Identified the +3 long sword of Distant Shores {elec,
                  | +Blink Dex-2 Stlth+}
 50736 | Shoals:2 | Received a gift from Nemelex Xobeh
 50910 | Shoals:2 | Reached skill level 10 in Necromancy
 50955 | Shoals:2 | Noticed a kraken
 50956 | Shoals:2 | Noticed a kraken
 51233 | Orc:2    | Bought a Trismegistus Codex for 392 gold pieces
 51244 | Orc:2    | Learned a level 6 spell: Death Channel
 51500 | Shoals:2 | Noticed a kraken
 51690 | Shoals:3 | Received a gift from Nemelex Xobeh
 51814 | Shoals:3 | Noticed Polyphemus
 51818 | Shoals:3 | Noticed Polyphemus
 51818 | Shoals:3 | Polyphemus changed into Polyphemus the emperor scorpion
 51842 | Shoals:3 | Killed Polyphemus the emperor scorpion
 52087 | Shoals:3 | Reached XP level 18. HP: 113/118 MP: 30/30
 52596 | Shoals:3 | Received a gift from Nemelex Xobeh
 53039 | Shoals:4 | Entered Level 4 of the Shoals
 53193 | Spider:4 | Entered Level 4 of the Spider Nest
 54596 | Spider:4 | Received a gift from Nemelex Xobeh
 54598 | Spider:4 | Noticed Arachne
 55095 | Spider:4 | Killed Arachne
 55455 | Spider:4 | Got a gossamer rune of Zot
 58391 | Shoals:3 | Gained mutation: You sometimes lose the ability to read
                  | scrolls when taking damage. [a shining eye]
 58391 | Shoals:3 | Gained mutation: Your body sometimes deteriorates upon
                  | taking damage. [a shining eye]
 58927 | Shoals:4 | Identified Roxanne's Compendium of Stones
 58927 | Shoals:4 | Noticed Roxanne
 59315 | Shoals:4 | Noticed Ilsuiw
 59322 | Shoals:4 | Killed Ilsuiw
 59766 | Shoals:4 | Received a gift from Nemelex Xobeh
 59804 | Shoals:4 | Noticed Louise
 59811 | Shoals:4 | Killed Louise
 59812 | Shoals:4 | Reached skill level 15 in Fighting
 59838 | Shoals:4 | Reached XP level 19. HP: 105/124 MP: 8/31
 60274 | Shoals:4 | Reached skill level 17 in Invocations
 60312 | Shoals:4 | Gained mutation: Your spells are a little easier to cast,
                  | but a little less powerful. [a shining eye]
 60455 | Shoals:4 | Got a barnacled rune of Zot
 61520 | Vaults:1 | Entered Level 1 of the Vaults
 61530 | Vaults:1 | Found Limosotyom's Assorted Antiques.
 61536 | Vaults:1 | Bought a runed coral ring for 160 gold pieces
 61540 | Vaults:1 | Bought a scroll of teleportation for 96 gold pieces
 61540 | Vaults:1 | Bought a scroll of teleportation for 96 gold pieces
 61584 | Vaults:1 | Reached skill level 1 in Poison Magic
 62089 | Vaults:1 | Received a gift from Nemelex Xobeh
 62645 | Vaults:1 | Identified the ring "Oklareos" {Wiz Int+7}
 63425 | Vaults:1 | Received a gift from Nemelex Xobeh
 64722 | Vaults:1 | Received a gift from Nemelex Xobeh
 65114 | Vaults:1 | Reached skill level 5 in Poison Magic
 65550 | Vaults:1 | Learned a level 4 spell: Olgreb's Toxic Radiance
 65558 | Vaults:1 | Learned a level 6 spell: Iron Shot
 66543 | Vaults:2 | Reached XP level 20. HP: 68/130 MP: 7/32
 66677 | Vaults:2 | Learned a level 4 spell: Animate Dead
 66778 | Vaults:2 | Found Oheetis's Antique Weapon Shop.
 66926 | Vaults:2 | Found a staircase to the Crypt.
 66926 | Vaults:2 | Found a basalt altar of Yredelemnul.
 66926 | Vaults:2 | Found an ancient bone altar of Kikubaaqudgha.
 67039 | Vaults:2 | Paralysed by something for 4 turns
 67056 | Vaults:2 | Identified the +0 scale mail "Ginush" {rC+ Will+}
 67085 | Vaults:2 | Identified the +8 hand crossbow "Lefeox" {penet, rElec
                  | Dex+4}
 68267 | Vaults:3 | Reached skill level 1 in Crossbows
 68527 | Vaults:3 | HP: 5/130 [deep troll earth mage/Lee's Rapid Deconstruction
                  | (17)]
 68528 | Vaults:3 | Killed from afar by a deep troll earth mage

Illustrated notes

Levels and vault maps discovered:
D:1:      dpeg_arrival_solitude, layout_basic,
          shapermc_ecumenical_altar_acropolis
D:2:      layout_rooms, minmay_circle_x
D:3:      layout_basic, nicolae_wu_jian_glorious_leap, uniq_terence, uniq_robin
D:4:      layout_basic, gammafunk_ghost_cemetery, minmay_misc_feat_roman,
          grunt_ministairs_13, minmay_misc_feat_tower
D:5:      layout_loops_ring, elyvilon_altar_3, overflow_temple_1_default,
          lemuel_crystal_altar, grunt_qazlal_clouds,
          minmay_temple_entry_statues_fountains, serial_shops,
          nicolae_stop_n_shop_1, grunt_ministairs_14, uniq_crazy_yiuf_cottage,
          uniq_eustachio
D:6:      layout_basic, gup_sewer_entry_glass, uniq_blork_the_orc
D:7:      minmay_opposing_rooms, layout_layer_cave, uniq_joseph
D:8:      layout_rooms, uniq_pikel, uniq_harold
D:9:      layout_basic, zin_treasury, david_lair_shrubbed,
          minmay_misc_feat_encased
D:10:     layout_irregular_city, tso_oasis_becter, mainiacjoe_overflow_chevrons,
          nicolae_stop_n_shop_2, uniq_psyche, uniq_josephine, uniq_maurice
D:11:     minmay_the_grid_octo_tiled_octocenter
          [minmay_the_grid_octo_vomiting_pacman, minmay_the_grid_octo_shrine,
          minmay_the_grid_octo_chip, minmay_the_grid_octo_fan_narrow,
          minmay_the_grid_octo_prize_ultimate_mussel_roller,
          minmay_the_grid_square_5x5_shuriken,
          minmay_the_grid_square_5x5_pentomino_r,
          minmay_the_grid_square_5x5_two_small,
          minmay_the_grid_square_5x5_broken_cross], layout_long_grid, uniq_grum
D:12:     layout_grid_maze, orc_0_dummy, serial_shops, nicolae_shop_trees,
          trove_entry_hex_spiral, uniq_nergalle
D:13:     layout_basic
D:14:     layout_cave_pools, ximxim_vaults_locker_room, uniq_nessos
D:15:     gammafunk_depths_entry_grave, layout_long_grid, xom_teletrap_fun,
          minmay_misc_feat_five, amcnicky_mini_pool_small,
          nicolae_sif_muna_condensation, uniq_azrael, uniq_agnes, uniq_kirke
Temple:   zaba_magenta_temple
Lair:1:   gammafunk_worm_tunnel, layout_regular_city
Lair:2:   layout_small_grid, elwin_shoals_entry_stream, minmay_lair_oklob_items,
          chequers_serial_rivers_small_b, lemuel_oklob_altar,
          serial_bayou_shore_b, lemuel_fruit_tree
Lair:3:   layout_hall_layers, nicolae_spider_entry_orb_guardian, basic_altar
Lair:4:   layout_cave_pods, lightli_volcano_entry_magma_tube,
          lemuel_fruit_fields
Lair:5:   layout_cave_pods, minmay_slime_entry_oklob_open
Lair:6:   evilmike_catoblepas_cave, layout_regular_city, eino_house_with_fridge,
          lemuel_fruit_fields
Shoals:1: layout_shoals
Shoals:2: layout_shoals, nicolae_shoals_kraken_party
Shoals:3: layout_shoals, uniq_polyphemus
Shoals:4: shoals_end_grunt_ice, layout_shoals, shoal_ilsuiw, uniq_louise,
          uniq_roxanne
Spider:1: layout_spider_delve, nicolae_spider_wall_of_niches, uniq_aizul,
          uniq_nikola
Spider:2: layout_spider_delve, special_room [special_room_bee],
          einodemon_crawler_minivault
Spider:3: layout_chambers, nicolae_spider_cling_halls
Spider:4: johnstein_spider_rune_arachne_lair
Orc:1:    layout_caves, nicolae_shop_clearance
Orc:2:    st_orc_elflike, layout_caves, special_room,
          portal_ice_cave_entry_pillars_1, serial_shops, nicolae_shop_stone,
          basic_altar, uniq_snorg
Vaults:1: nicolae_vaults_back_hallway, nicolae_vaults_shelves_hall,
          hangedman_vaults_capsules, ontoclasm_vaults_bender,
          nicolae_vaults_alarming, v_rooms_2, v_pattern_1,
          hangedman_vaults_snaps, vaults_room_fancy_cross,
          hangedman_vaults_restitches, nicolae_vaults_gold_heap,
          nicolae_vaults_display_case, layout_vaults_ring, serial_shops, shop
Vaults:2: hangedman_vaults_pinch, nicolae_vaults_bisected_exclaves,
          nicolae_vaults_shelves_hall, ontoclasm_vaults_hangar,
          minmay_crypt_entry_necro_gods, v_pattern_2, vaults_mumra_lcd,
          ontoclasm_vaults_fault, v_misc_22, nicolae_vaults_network_s,
          nicolae_vaults_circle_grid_a, vaults_mumra_hexcomb,
          nicolae_vaults_what_the_h, v_misc_23, vaults_room_hangedman_quadrants,
          vaults_mumra_chevron_long, vaults_room_door_ring,
          layout_vaults_maze_bifur, serial_shops, nicolae_square_shop
Vaults:3: vaults_room_door_hall, hangedman_vaults_nodes, v_misc_30,
          vaults_room_pool, v_misc_29, v_misc_27, layout_vaults_quadrants

Skill      XL: |  1  2  3  4  5  6  7  8  9 10 11 12 13 14 15 16 17 18 19 20 |
---------------+-------------------------------------------------------------+-----
Earth Magic    | 4 5 6 7 8 9 11 12 13 14 | 14.7
Fighting       | 1 2 3 4 5 6 8 9 11 13 14 15 | 15.4
Invocations    | 2 3 4 6 8 9 10 12 13 15 16 17 | 17.2
Conjurations   | 1 5 7 8 9 |  9.0
Shields        | 4 |  4.0
Long Blades    | 7 9 |  9.0
Dodging        | 3 5 6 9 |  9.8
Spellcasting   | 3 6 8 |  8.7
Necromancy     | 2 5 8 10 12 | 12.1
Evocations     | 5 |  5.9
Transmutations | 1 |  1.0
Poison Magic   | 7 8 |  8.1
Crossbows      | 2 |  2.3
Stealth        | |  2.1

Action                   |  1- 3 |  4- 6 |  7- 9 | 10-12 | 13-15 | 16-18 | 19-21 || total
-------------------------+-------+-------+-------+-------+-------+-------+-------++-------
Melee: Dagger            |    55 |    16 |       |       |       |       |       ||    71
       Short sword       |       |    52 |    15 |       |       |       |       ||    67
       Scimitar          |       |       |       |    35 |   188 |   726 |   109 ||  1058
       Staff             |       |       |       |       |    23 |     2 |     5 ||    30
 Fire: Hand crossbow     |       |       |       |       |       |       |    12 ||    12
Throw: Boomerang         |       |       |       |     7 |    63 |    44 |     9 ||   123
       Dart              |       |       |       |       |     1 |       |       ||     1
       Throwing net      |       |       |       |       |     1 |       |       ||     1
       Javelin           |       |       |       |       |       |       |    24 ||    24
 Cast: Sandblast         |    41 |    56 |   139 |   265 |   236 |       |       ||   737
       Stone Arrow       |       |       |       |    35 |   305 |   284 |    80 ||   704
       Animate Skeleton  |       |       |       |       |     9 |       |       ||     9
       Mephitic Cloud    |       |       |       |       |    12 |     3 |    10 ||    25
       Borgnjor's Vile C |       |       |       |       |     6 |    76 |    53 ||   135
       Animate Dead      |       |       |       |       |       |    80 |    20 ||   100
       Vampiric Draining |       |       |       |       |       |    24 |     7 ||    31
       Death Channel     |       |       |       |       |       |    16 |    11 ||    27
       Blink             |       |       |       |       |       |     3 |       ||     3
       Olgreb's Toxic Ra |       |       |       |       |       |       |    12 ||    12
       Iron Shot         |       |       |       |       |       |       |    13 ||    13
Invok: Draw Summoning    |       |       |     7 |     8 |    27 |    24 |     9 ||    75
       Draw Destruction  |       |       |     1 |    15 |    41 |    56 |    18 ||   131
       Draw Escape       |       |       |       |       |     9 |    11 |    12 ||    32
       Deal Four         |       |       |       |       |       |     5 |       ||     5
Evoke: Wand              |       |       |     1 |     7 |    29 |     9 |    10 ||    56
       Lightning rod     |       |       |       |       |     6 |    25 |     4 ||    35
       Condenser vane    |       |       |       |       |     1 |     7 |     5 ||    13
       Phantom mirror    |       |       |       |       |     1 |     4 |     3 ||     8
  Use: Scroll            |       |       |    13 |     8 |    21 |    13 |     8 ||    63
       Potion            |       |       |     1 |     1 |     1 |    17 |    12 ||    32
 Stab: Distracted        |       |       |       |     1 |     2 |     5 |       ||     8
       Confused          |       |       |       |       |     2 |       |     1 ||     3
       Invisible         |       |       |       |       |       |     7 |       ||     7
       Petrified         |       |       |       |       |       |     7 |       ||     7
Armor: Robe              |    17 |    20 |    85 |    13 |       |       |       ||   135
       Leather armour    |       |       |       |    86 |   316 |   415 |    74 ||   891
       Scale mail        |       |       |       |       |    21 |   719 |    78 ||   818
       Troll leather arm |       |       |       |       |       |       |    54 ||    54
Dodge: Dodged            |    29 |    32 |    54 |    80 |   297 |   677 |   157 ||  1326
Block: Buckler           |       |       |       |    48 |   187 |   828 |   198 ||  1261
       Reflection        |       |       |       |       |       |    25 |    16 ||    41
       Rpst.: Scimitar   |       |       |       |    16 |    59 |   120 |    16 ||   211

Table legend: (Time is in decaauts)
 A = Elapsed time spent in this place.
 B = Non-inter-level travel time spent in this place.
 C = Inter-level travel time spent in this place.
 D = Time resting spent in this place.
 E = Time spent auto-exploring this place.
 F = Levels seen in this place.
 G = Mean time per level.
                   A        B        C        D        E       F      G
               +--------+--------+--------+--------+--------+-----+--------+
         Total |  68649 |  63809 |   4840 |  25362 |  26767 |  37 | 1855.4 |
       Dungeon |  26730 |  24800 |   1930 |   9970 |  10835 |  15 | 1782.0 |
        Temple |     73 |     54 |     19 |      0 |     50 |   1 |   73.0 |
          Lair |  12872 |  11930 |    942 |   4818 |   5031 |   6 | 2145.3 |
        Shoals |   9435 |   8951 |    484 |   3664 |   3570 |   4 | 2358.8 |
   Spider Nest |   8606 |   8239 |    367 |   3045 |   3421 |   4 | 2151.5 |
  Orcish Mines |   3953 |   3316 |    637 |   1511 |   1042 |   2 | 1976.5 |
        Vaults |   6496 |   6038 |    458 |   2197 |   2641 |   3 | 2165.3 |
         Sewer |    226 |    226 |      0 |      0 |    168 |   1 |  226.0 |
      Ice Cave |    255 |    255 |      0 |    156 |      8 |   1 |  255.0 |
               +--------+--------+--------+--------+--------+-----+--------+

Top non-repeatable levels by time:
Vaults:1: 4415 daAuts
Shoals:3: 3879 daAuts
    D:14: 3471 daAuts
  Lair:5: 3300 daAuts
Spider:3: 3214 daAuts
    D:11: 2801 daAuts
   Orc:2: 2708 daAuts
     D:7: 2596 daAuts
Shoals:4: 2459 daAuts
  Lair:6: 2258 daAuts
Spider:4: 2211 daAuts
  Lair:2: 2174 daAuts
  Lair:3: 2150 daAuts
Spider:1: 2132 daAuts
    D:15: 2095 daAuts
